 Dungeon Crawl Stone Soup version 0.20-a0-455-gc3b7d50 (webtiles) character file.

1744 Queen the Carver (level 9, -7/94 HPs)
             Began as a Human Berserker on Jan 10, 2017.
             Was a Priest of Trog.
             Mangled by an orc warrior
             ... wielding a +0 dire flail of draining
              (13 damage)
             ... on level 6 of the Dungeon.
             The game lasted 00:22:36 (7174 turns).

Queen the Carver (Human Berserker)                  Turns: 7174, Time: 00:22:37

Health: -7/94      AC: 11    Str: 22    XL:     9   Next: 26%
Magic:  9/9        EV:  6    Int:  8    God:    Trog [***...]
Gold:   298        SH:  0    Dex: 16    Spells: 8/8 levels left

rFire  . . .     SeeInvis .     A - +0 falchion
rCold  . . .     Gourm    +     y - +0 plate armour
rNeg   . . .     Faith    .     (no shield)
rPois  .         Spirit   .     (no helmet)
rElec  .         Reflect  .     q - +0 cloak
rCorr  .         Harm     .     (no gloves)
MR     +++..                    (no boots)
Stlth  ..........               l - amulet of the gourmand
                                (no ring)
                                a - ring of protection from magic

@: berserking, regenerating, heavily drained, very quick
A: no striking features
a: Berserk, Trog's Hand, Burn Spellbooks, Renounce Religion


You were on level 6 of the Dungeon.
You worshipped Trog.
Trog was most pleased with you.
You were not hungry.

You visited 1 branch of the dungeon, and saw 6 of its levels.

You collected 298 gold pieces.

Inventory:

Hand Weapons
 A - a +0 falchion (weapon)
Missiles
 t - 6 tomahawks (quivered)
Armour
 q - a +0 cloak (worn)
 y - a +0 plate armour (worn)
Jewellery
 a - a ring of protection from magic (left hand)
 l - an amulet of the gourmand (around neck)
 v - a +2 ring of intelligence {unknown}
Wands
 r - a wand of random effects (17/48)
 x - a wand of disintegration (9/24)
 B - a wand of acid (7/15)
Scrolls
 f - 5 scrolls of teleportation
 i - a scroll of identify
 s - a scroll of blinking
 w - a scroll of enchant weapon {unknown}
Potions
 b - 4 potions of might
 e - 3 potions of curing {unknown}
 j - a potion of cancellation
 k - a potion of agility {unknown}
 m - 3 potions of degeneration {unknown}
 n - a potion of invisibility {unknown}
 o - a potion of haste {unknown}
 p - 2 potions of heal wounds {unknown}
 u - a potion of brilliance {unknown}
 z - a potion of flight {unknown}
Comestibles
 c - 3 bread rations
 d - 3 beef jerkies
 g - 4 meat rations
 h - 5 fruits


   Skills:
 - Level 3.0(0.9) Fighting
 * Level 11.5(8.9) Long Blades
 - Level 2.0(0.0) Armour
 - Level 2.0(0.0) Dodging


You had 8 spell levels left.
You didn't know any spells.

Dungeon Overview and Level Annotations

Branches:
Dungeon (6/15)             Temple (0/1) D:4

Altars:
Ashenzari
Dithmenos
Kikubaaqudgha
Okawaru
Sif Muna
Trog
Yredelemnul
The Shining One

Shops:
D:5 [


Message History

You hit the orc but do no damage.
The orc throws a tomahawk.
The tomahawk hits you but does no damage.
The orc hits you but does no damage.
The orc warrior hits you with a dire flail of draining!
You feel drained.
Your skin crawls.
You feel resistant to hostile enchantments.
You feel somewhat more hungry.
The orc warrior hits you with a dire flail of draining!!
* * * LOW HITPOINT WARNING * * *
You feel drained.
* * * LOW HITPOINT WARNING * * *
The orc hits you but does no damage.
A red film seems to cover your vision as you go berserk!
You feel yourself moving faster!
You feel mighty!
You feel a lot more hungry.
The shadow imp hits you but does no damage.
You hit the orc.
The orc is lightly wounded.
The orc warrior hits you with a dire flail of draining!
You die...

# ##..######
#..# #........#
# #..#
#........#.#
#..#
####........#.#
#..#
#...........'.
#..#
#...........#
#..###
#...........#
#....#
#)).........#
.....#
#)##....o@o.#
#....#
#(#######5###
.....# #.# #o.#
.....# #.#
##... ..####
#.# ..... ..#
#.# ....... ..#
#.# ....... #.#
#.# .......
#.######.#
....#..


You could see an orc warrior, a shadow imp and 2 orcs.

Vanquished Creatures
  Pikel (D:4)
  Eustachio (D:5)
  An ice beast (D:5)
  2 slaves (D:4)
  2 ogres
  A centaur (D:5)
  A howler monkey (D:6)
  4 wights (D:6)
  A crimson imp (D:5)
  An orc priest (D:4)
  A bullfrog skeleton (D:6)
  2 hounds
  A jelly (D:6)
  An iguana (D:6)
  2 orc wizards
  4 worker ants
  A howler monkey skeleton (D:4)
  4 gnolls
  5 adders
  2 shadow imps
  An adder skeleton (D:6)
  4 worms (D:2)
  6 dart slugs
  4 leopard geckos
  10 orcs
  2 ball pythons (D:2)
  5 giant cockroaches
  14 goblins
  11 hobgoblins
  10 jackals
  12 kobolds
  4 quokkas
  7 bats
  10 frilled lizards
  A jackal skeleton (D:3)
  A quokka skeleton (D:5)
  11 rats
  A spectral orc (D:5)
152 creatures vanquished.

Vanquished Creatures (others)
  A worm (D:4)
  2 jackals (D:4)
3 creatures vanquished.

Grand Total: 155 creatures vanquished

Notes
Turn   | Place    | Note
-------+----------+-------------------------------------------
     0 | D:1      | Queen the Human Berserker began the quest for the Orb.
     0 | D:1      | Reached XP level 1. HP: 18/18 MP: 1/1
    12 | D:1      | Noticed a minotaur skeleton
    18 | D:1      | Noticed a minotaur skeleton
   362 | D:1      | Reached XP level 2. HP: 7/24 MP: 2/2
   772 | D:1      | Reached skill level 4 in Long Blades
   772 | D:1      | Reached XP level 3. HP: 25/29 MP: 3/3
  1145 | D:1      | Reached ** piety under Trog
  1503 | D:2      | Reached XP level 4. HP: 35/35 MP: 4/4
  1570 | D:2      | Found a shadowy altar of Dithmenos.
  1612 | D:2      | Reached skill level 5 in Long Blades
  2326 | D:2      | Reached XP level 5. HP: 35/41 MP: 5/5
  2930 | D:3      | Reached *** piety under Trog
  2930 | D:3      | Reached skill level 6 in Long Blades
  3228 | D:3      | Found a shattered altar of Ashenzari.
  3312 | D:3      | Found a deep blue altar of Sif Muna.
  3313 | D:3      | Found an ancient bone altar of Kikubaaqudgha.
  3445 | D:3      | Noticed an ogre
  3476 | D:3      | HP: 2/61 [ogre/giant spiked club (28)]
  3479 | D:3      | Killed an ogre
  3479 | D:3      | Reached XP level 6. HP: 4/47 MP: 6/6
  3563 | D:3      | Reached skill level 7 in Long Blades
  3919 | D:4      | Found a staircase to the Ecumenical Temple.
  4155 | D:4      | Noticed a slave
  4155 | D:4      | Noticed a slave
  4155 | D:4      | Noticed a slave
  4156 | D:4      | Noticed Pikel
  4156 | D:4      | Noticed a slave
  4173 | D:4      | Killed a slave
  4188 | D:4      | Killed a slave
  4214 | D:4      | Killed Pikel
  4214 | D:4      | Reached skill level 9 in Long Blades
  4214 | D:4      | Reached XP level 7. HP: 25/52 MP: 7/7
  4214 | D:4      | Reached XP level 8. HP: 28/58 MP: 8/8
  4472 | D:4      | Found an iron altar of Okawaru.
  5430 | D:5      | Entered Level 5 of the Dungeon
  5478 | D:5      | Reached skill level 10 in Long Blades
  5624 | D:5      | Found Badilecu's Armour Shoppe.
  5650 | D:5      | Found a bloodstained altar of Trog.
  6266 | D:5      | Found a glowing golden altar of the Shining One.
  6275 | D:5      | Noticed Eustachio
  6352 | D:5      | Killed Eustachio
  6352 | D:5      | Reached XP level 9. HP: 22/63 MP: 9/9
  6741 | D:5      | Found a basalt altar of Yredelemnul.
  6932 | D:6      | Reached skill level 11 in Long Blades
  7172 | D:6      | HP: 3/63 [orc warrior/dire flail of draining (3)]
  7174 | D:6      | Mangled by an orc warrior

Vault maps used:
D:1:      shiori_arrival_whats_in_store_for_you, kennysheep_nondescript
D:2:      minmay_diamond_boxcup, nicolae_overflow_crystal_walls, first_bread,
          serial_park_tiny_2, kennysheep_cross_room
D:3:      overflow_temple_1_default, gammafunk_temple_overflow_statue
D:4:      okawaru_ov_weapons_minmay, uniq_pikel
D:5:      yredelemnul_forgotten_temple_becter, lemuel_doored_altar,
          serial_shops, shop, trog_three_pillars_becter, uniq_eustachio
D:6:      dk_vineyard_2

Skill      XL: |  1  2  3  4  5  6  7  8  9 |
---------------+----------------------------+-----
Long Blades    | 4 5 6 9 10 11 | 11.5
Fighting       | |  3.0
Armour         | |  2.0
Dodging        | |  2.0

Action                   |  1- 3 |  4- 6 |  7- 9 || total
-------------------------+-------+-------+-------++-------
Melee: Falchion          |   131 |   322 |   297 ||   750
Invok: Berserk           |     1 |     4 |     4 ||     9
       Trog's Hand       |       |     2 |     3 ||     5
  Use: Scroll            |     6 |     2 |     5 ||    13
 Stab: Sleeping          |       |     2 |       ||     2
  Eat: Chunk             |     3 |    26 |    11 ||    40
Armor: Animal skin       |    14 |       |       ||    14
       Leather armour    |    26 |    40 |       ||    66
       Chain mail        |       |    48 |    65 ||   113
       Plate armour      |       |       |    96 ||    96
Dodge: Dodged            |    80 |   169 |    79 ||   328
       Rpst.: Falchion   |    26 |    51 |    17 ||    94
